 Dungeon Crawl Stone Soup version 0.30-a0-596-g0af90f9a20 (webtiles) character file.

Game seed: 9250732160662656685

1696 Darkkill the Shooter (level 8, -3/73 HPs)
             Began as a Minotaur Hunter on Jan 6, 2023.
             Killed from afar by a steam dragon (16 damage)
             ... with a ball of steam
             ... on level 7 of the Dungeon.
             The game lasted 00:06:03 (5290 turns).

Darkkill the Shooter (Minotaur Hunter)              Turns: 5290, Time: 00:06:03

Health: -3/73      AC:  9    Str: 16    XL:     8   Next: 72%
Magic:  7/7        EV: 15    Int:  6    God:
Gold:   302        SH:  0    Dex: 16    Spells: 7/7 levels left

rFire   . . .      SeeInvis .    a - +2 shortbow
rCold   . . .      Faith    .    (shield currently unavailable)
rNeg    . . .      Spirit   .    c - +0 leather armour
rPois   .          Reflect  .    (helmet restricted)
rElec   .          Harm     .    i - +1 cloak
rCorr   .          Rampage  .    j - +2 pair of gloves
Will    .....                    w - +0 pair of boots
Stlth   +++                      (no amulet)
HPRegen 0.32/turn                (no ring)
MPRegen 0.10/turn                (no ring)

@: no status effects
A: horns 2, retaliatory headbutt
a: no special abilities


You were on level 7 of the Dungeon.
You visited 2 branches of the dungeon, and saw 8 of its levels.

You collected 302 gold pieces.

Inventory:

Hand Weapons
 a - a +2 shortbow (weapon)
Missiles
 f - 11 boomerangs
 g - 47 stones
 m - 2 throwing nets {=f !f}
 o - 22 poisoned darts
 t - 4 boomerangs of dispersal {=f !f}
Armour
 c - a +0 leather armour (worn)
 i - a +1 cloak (worn)
 j - a +2 pair of gloves (worn)
 w - a +0 pair of boots (worn)
Wands
 n - a wand of paralysis (10)
 y - a wand of digging (4)
Scrolls
 b - a scroll of immolation
 x - 2 scrolls of teleportation
Potions
 e - 2 potions of resistance
 h - 4 potions of might
 k - 2 potions of magic
 l - a potion of mutation
 p - a potion of invisibility
 r - 2 potions of haste
 s - 2 potions of attraction
 v - a potion of flight
 A - a potion of lignification


   Skills:
 + Level 7.0 Fighting
 + Level 7.5 Ranged Weapons
 + Level 6.5 Dodging
 + Level 5.0 Stealth


You had 7 spell levels left.
You didn't know any spells.
Your spell library contained the following spells:

 Spells                   Type           Power      Damage    Failure   Level
 Kiss of Death            Conj/Necr      0%         2d5       52%         1
 Necrotise                Necr           0%         1d4       52%         1
 Shock                    Conj/Air       0%         1d3       52%         1
 Confusing Touch          Hex            0%         N/A       88%         3
 Ozocubu's Armour         Ice            0%         N/A       88%         3
 Swiftness                Air            0%         N/A       88%         3
 Vampiric Draining        Necr           0%         2d6       88%         3
 Airstrike                Air            0%         2d(0-16)  99%         4
 Dispel Undead            Necr           0%         3d6       99%         4
 Agony                    Necr           0%         N/A       100%        5
 Metabolic Englaciation   Hex/Ice        0%         N/A       100%        5
 Simulacrum               Ice/Necr       0%         N/A       100%        6


Dungeon Overview and Level Annotations

Branches:
Dungeon (7/15)             Temple (1/1) D:4

Altars:
Ashenzari
Dithmenos
Elyvilon
Fedhas
Hepliaklqana
Makhleb
Nemelex Xobeh
Qazlal
Trog
Vehumet
Xom
Yredelemnul
Zin


Innate Abilities, Weirdness & Mutations

You have a pair of horns on your head.
You reflexively headbutt those who attack you in melee.


Message History

As you read the scroll of teleportation, it crumbles to dust.
You feel strangely unstable.
Your surroundings suddenly seem different.
Found a potion of might.
h - 4 potions of might (gained 1)
As you read the scroll of teleportation, it crumbles to dust.
You feel strangely unstable.
Your surroundings suddenly seem different.
Found a stone staircase leading down.
There is a stone staircase leading down here.
HP restored.
You hear the faint creaking of a very distant portcullis.
You open the door.
Found a broken altar of Ashenzari.
Found a glowing silver altar of Zin.
There is an open door here.
No target in view!
No target in view!
A steam dragon comes into view.
A steam dragon is nearby!
You shoot an arrow. The steam dragon hisses angrily.
The arrow hits the steam dragon.
The steam dragon is lightly wounded.
The steam dragon breathes steam at you. The ball of steam hits you!
No target in view!
No target in view!
You open the door. The steam dragon breathes steam at you.
The ball of steam hits you!
There is an open door here.
Found a whip.
Found 9 stones.
The steam dragon breathes steam at you. The ball of steam misses you.
You shoot an arrow. The arrow hits the steam dragon.
The steam dragon is lightly wounded.
The steam dragon bites you but does no damage.
The steam dragon barely misses you.
You shoot an arrow.
The arrow closely misses the steam dragon.
The steam dragon barely misses you.
The steam dragon claws you but does no damage.
You shoot an arrow.
The arrow hits the steam dragon but does no damage.
The steam dragon is lightly wounded.
The steam dragon breathes steam at you. The ball of steam hits you.
You shoot an arrow. The arrow hits the steam dragon.
The steam dragon is moderately wounded.
You are engulfed in a cloud of scalding steam.
The steam dragon barely misses you. x2
You shoot an arrow.
The arrow closely misses the steam dragon.
You are engulfed in a cloud of scalding steam.
The steam dragon barely misses you. The steam dragon misses you.
You shoot an arrow. The arrow hits the steam dragon.
The steam dragon is moderately wounded.
You are engulfed in a cloud of scalding steam.
The steam dragon misses you.
The steam dragon claws you but does no damage.
You shoot an arrow.
The arrow barely misses the steam dragon.
You are engulfed in a cloud of scalding steam.
The steam dragon bites you. The steam dragon barely misses you.
The steam dragon bites you but does no damage.
The steam dragon claws you but does no damage.
You shoot an arrow.
The arrow completely misses the steam dragon.
The steam dragon barely misses you. The steam dragon closely misses you.
You shoot an arrow.
The arrow barely misses the steam dragon.
The steam dragon breathes steam at you. The ball of steam hits you!
* * * LOW HITPOINT WARNING * * *
You feel better.
You are engulfed in a cloud of scalding steam.
The steam dragon misses you. The steam dragon barely misses you.
Aiming: Bolt of Light
Press: ? - help, Q - select action, (/) - cycle Shift-Dir - straight line, f/p - steam dragon
Aim: a steam dragon (moderately wounded, 71% to hit)
The bolt of light misses the steam dragon.
The now-empty wand crumbles to dust.
You are engulfed in a cloud of scalding steam.
The steam dragon breathes steam at you. The ball of steam misses you.
You feel better.
You are engulfed in a cloud of scalding steam.
* * * LOW HITPOINT WARNING * * *
The steam dragon misses you. x2
Aiming: Paralyse
Press: ? - help, Q - select action, (/) - cycle Shift-Dir - straight line, f/p - steam dragon
Aim: a steam dragon (moderately wounded, chance to affect: 49%)
The steam dragon resists with some effort.
You are engulfed in a cloud of scalding steam.
* * * LOW HITPOINT WARNING * * *
The steam dragon breathes steam at you. The ball of steam hits you!
You die...

.# #. #.# # ..
##.#.## ......
.....# ..§.....
##.#.#.##.§§.....
#.(....@#...§§...
#.##.##D##..D....
..##.##..#§§....#
)........#§..#
#########'.#..
......§..##.##
#####§...##..####
####..##...>##
##.#......##


You could see a steam dragon (catching breath).

Vanquished Creatures
  Prince Ribbit (D:5)
  Sigmund (D:5)
  The ghost of cforsyth the Digger, an amateur GrEE (D:4)
  2 black bears (D:6)
  Blork the orc (D:5)
  2 necrophages
  A scorpion (D:3)
  4 hounds
  2 jellies
  5 orc priests
  5 iguanas
  4 orc wizards
  7 gnolls (D:4)
  7 adders
  An ufetubus (D:5)
  A worm (D:2)
  A dart slug (D:4)
  23 orcs
  5 ball pythons
  6 endoplasms
  3 giant cockroaches
  7 hobgoblins
  10 jackals
  10 kobolds
  7 quokkas
  9 bats
  A frilled lizard (D:3)
  10 goblins
  7 rats
144 creatures vanquished.

Vanquished Creatures (others)
  2 withered plants (D:4)
2 creatures vanquished.

Grand Total: 146 creatures vanquished

Notes
Turn   | Place    | Note
-------+----------+-------------------------------------------
     0 | D:1      | Darkkill the Minotaur Hunter began the quest for the Orb.
     0 | D:1      | Reached XP level 1. HP: 18/18 MP: 0/0
    32 | D:1      | Reached skill level 1 in Stealth
    33 | D:1      | You fall into a shaft and drop 1 floor!
    45 | D:2      | Reached XP level 2. HP: 25/25 MP: 1/1
   133 | D:2      | Reached XP level 3. HP: 8/31 MP: 2/2
  1151 | D:2      | Reached XP level 4. HP: 37/38 MP: 3/3
  1308 | D:2      | Reached skill level 5 in Ranged Weapons
  1998 | D:3      | Found a white marble altar of Elyvilon.
  2165 | D:3      | Reached XP level 5. HP: 46/46 MP: 4/4
  2367 | D:3      | Found a burning altar of Makhleb.
  2667 | D:4      | Reached XP level 6. HP: 51/52 MP: 5/5
  2779 | D:4      | Found a runed translucent door.
  2779 | D:4      | Noticed cforsyth's ghost (amateur GrEE)
  2795 | D:4      | Found a staircase to the Ecumenical Temple.
  2807 | Temple   | Entered the Ecumenical Temple
  2896 | D:4      | Found a bloodstained altar of Trog.
  3165 | D:4      | Killed cforsyth's ghost
  3166 | D:4      | Reached skill level 5 in Fighting
  3166 | D:4      | Reached XP level 7. HP: 55/61 MP: 6/6
  3190 | D:5      | Entered Level 5 of the Dungeon
  3483 | D:5      | Noticed Blork the orc
  3490 | D:5      | Killed Blork the orc
  3491 | D:5      | Reached skill level 5 in Dodging
  3500 | D:5      | Found a stormy altar of Qazlal.
  3769 | D:5      | Noticed Prince Ribbit
  3779 | D:5      | HP: 8/61 [Prince Ribbit (13)]
  3779 | D:5      | HP: 2/61 [iguana (6)]
  3783 | D:5      | Killed Prince Ribbit
  3784 | D:5      | Reached XP level 8. HP: 3/70 MP: 7/7
  4378 | D:5      | Noticed Sigmund
  4385 | D:5      | Killed Sigmund
  5023 | D:6      | Identified the +2 helmet of the Aged Nightmares {rElec rN+
                  | Int+4 Stlth+}
  5206 | D:7      | Reached skill level 5 in Stealth
  5247 | D:7      | Found a broken altar of Ashenzari.
  5248 | D:7      | Found a glowing silver altar of Zin.
  5290 | D:7      | HP: 13/73 [steam dragon] (6)]
  5290 | D:7      | Killed from afar by a steam dragon

Illustrated notes

Levels and vault maps discovered:
D:1:      tarquinn_simple_flora_water_e, layout_basic, minmay_misc_feat_rugged,
          minmay_pentomino_t4
D:2:      layout_basic, minmay_tripent
D:3:      layout_loops_corners, lightli_temple_of_fire, marbit_many_paths,
          minmay_misc_feat_pillars, minmay_misc_feat_enclosed,
          grunt_decor_mini_mirrors
D:4:      layout_cave_pools, mainiacjoe_overflow_cross_hatched, temple_green,
          gammafunk_ghost_grave
D:5:      layout_basic, mainiacjoe_overflow_six_doors_small, uniq_sigmund,
          uniq_blork_the_orc, uniq_prince_ribbit1
D:6:      layout_loops_ring, minivault_5
D:7:      minmay_the_grid_triangle_9x9_recursive_2
          [minmay_the_grid_triangle_9x9_prize_top_heavy,
          minmay_the_grid_triangle_9x9_corruption,
          minmay_the_grid_triangle_9x9_descending_squares,
          minmay_the_grid_triangle_9x9_shrine], layout_cave_pods,
          mainiacjoe_overflow_divided_tiny, nicolae_overflow_hidden_temple,
          kennysheep_okawaru_gauntlet, kiku_gazebo_garden_becter, enter_bailey_3
Temple:   hellmonk_temple_two_chambers

Skill      XL: |  1  2  3  4  5  6  7  8 |
---------------+-------------------------+-----
Stealth        | 1 2 3 4 5 |  5.0
Fighting       | 3 4 5 6 7 |  7.0
Dodging        | 3 4 5 6 |  6.5
Ranged Weapons | 5 6 7 |  7.5

Action                   |  1- 3 |  4- 6 |  7- 9 || total
-------------------------+-------+-------+-------++-------
Melee: Shortbow          |       |       |     9 ||     9
 Fire: Shortbow          |    90 |   198 |   159 ||   447
Evoke: Wand              |       |       |     9 ||     9
  Use: Scroll            |     6 |     5 |     9 ||    20
       Potion            |       |       |     4 ||     4
Armor: Leather armour    |    15 |    53 |    55 ||   123
Dodge: Dodged            |    39 |    80 |   116 ||   235

Table legend: (Time is in decaauts)
 A = Elapsed time spent in this place.
 B = Non-inter-level travel time spent in this place.
 C = Inter-level travel time spent in this place.
 D = Time resting spent in this place.
 E = Time spent auto-exploring this place.
 F = Levels seen in this place.
 G = Mean time per level.
                   A        B        C        D        E       F      G
               +--------+--------+--------+--------+--------+-----+--------+
         Total |   5403 |   5276 |    127 |    333 |   4006 |   8 |  675.4 |
       Dungeon |   5381 |   5254 |    127 |    333 |   4006 |   7 |  768.7 |
        Temple |     21 |     21 |      0 |      0 |      0 |   1 |   21.0 |
               +--------+--------+--------+--------+--------+-----+--------+

Top non-repeatable levels by time:
     D:5: 1138 daAuts
     D:3: 975 daAuts
     D:2: 966 daAuts
     D:4: 739 daAuts
     D:6: 738 daAuts
     D:1: 728 daAuts
     D:7: 96 daAuts
  Temple: 21 daAuts

Table legend:
 A = Kills in this place as a percentage of kills in entire the game.
 B = Kills by you in this place as a percentage of kills by you in the entire game.
 C = Kills by friends in this place as a percentage of kills by friends in the entire game.
 D = Other kills in this place as a percentage of other kills in the entire game.
 E = Experience gained in this place as a percentage of experience gained in the entire game.
 F = Experience gained in this place divided by the number of levels of this place that you have seen.
                   A       B       C       D       E      F
               +-------+-------+-------+-------+-------+----------------------
         Total | 100.0 | 100.0 |   N/A |   N/A | 100.0 | 302.9
       Dungeon | 100.0 | 100.0 |   N/A |   N/A | 100.0 | 346.1
               +-------+-------+-------+-------+-------+----------------------
